 Dungeon Crawl Stone Soup version 0.30-a0-626-gd6a5dd7a1f (console) character file.

Game seed: 9693717160277626839

130 capslocke the Ruffian (level 4, -1/41 (42) HPs)
             Began as a Troll Gladiator on Jan 12, 2023.
             Slain by Blork the orc
             ... wielding a +0 trident
              (8 damage)
             ... on level 4 of the Dungeon.
             The game lasted 00:06:23 (2275 turns).

capslocke the Ruffian (Troll Gladiator)             Turns: 2275, Time: 00:06:24

HP:   -1/41 (42)    AC:  4    Str: 24    XL:     4   Next: 90%
MP:   3/3           EV: 10    Int:  4    God:
Gold: 160           SH:  0    Dex: 11    Spells: 3/3 levels left

rFire   + . .      SeeInvis .      - Unarmed
rCold   . . .      Faith    .    (no shield)
rNeg    . . .      Spirit   .    a - +0 robe
rPois   .          Reflect  .    b - +0 hat
rElec   .          Harm     .    (no cloak)
rCorr   .          Rampage  .    (gloves unavailable)
Will    .....                    (boots unavailable)
Stlth   +                        (no amulet)
HPRegen 1.06/turn                n - ring of protection from fire
MPRegen 0.08/turn                (no ring)

@: lightly drained
A: large, unfitting armour, claws 3, regeneration 1, shaggy fur 1, tough skin 1
a: no special abilities


You were on level 4 of the Dungeon.
You visited 1 branch of the dungeon, and saw 4 of its levels.

You collected 160 gold pieces.

Inventory:

Missiles
 c - 3 throwing nets (quivered)
 r - 4 poisoned darts
Armour
 a - a +0 robe (worn)
 b - a +0 hat (worn)
Jewellery
 n - a ring of protection from fire (left claw)
Scrolls
 g - a scroll of poison {unknown}
 i - 3 scrolls of identify {unknown}
 o - a scroll of summoning {unknown}
 p - a scroll of vulnerability {unknown}
 q - 2 scrolls of teleportation {unknown}
Potions
 e - a potion of haste {unknown}
 f - a potion of mutation {unknown}
 h - 3 potions of curing {unknown}
 j - a potion of berserk rage {unknown}
 k - a potion of flight {unknown}
 l - a potion of degeneration {unknown}
 m - a potion of lignification {unknown}


   Skills:
 + Level 1.8 Fighting
 + Level 2.0 Throwing
 + Level 3.3 Dodging
 + Level 4.6 Unarmed Combat


You had 3 spell levels left.
You didn't know any spells.
Your spell library contained the following spells:

 Spells                   Type           Power      Damage    Failure   Level
 Sandblast                Erth           0%         2d4       50%         1
 Passwall                 Tmut/Erth      0%         N/A       65%         2
 Sublimation of Blood     Necr           0%         N/A       65%         2
 Wereblood                Tmut           0%         N/A       65%         2
 Inner Flame              Hex/Fire       0%         N/A       86%         3
 Stone Arrow              Conj/Erth      0%         3d7       86%         3
 Cause Fear               Hex            0%         N/A       99%         4
 Summon Hydra             Summ           0%         N/A       100%        7
 Discord                  Hex            0%         N/A       100%        8


Dungeon Overview and Level Annotations

Branches:
Dungeon (4/15)
 Temple: D:4-7

Altars:

Annotations:
D:4 Blork the orc


Innate Abilities, Weirdness & Mutations

You are too large for most types of armour.
You have claws for hands.
Your natural rate of healing is unusually fast.
You are covered in fur. (AC +1)
You have tough skin. (AC +1)


Message History

Blork the orc seems to speed up.
Blork the orc zaps a wand.
Some rock shatters into small pieces.
You scratch the kobold.
You kill the kobold!
Throw: 5 darts (poison)
Press: ? - help, Q - select action, (/) - cycle Shift-Dir - straight line, f - Blork the orc
Aim: Blork the orc, wielding a +0 trident, wearing a +0 robe and carrying a wand of digging (5) (fast, 60% to hit)
You throw a poisoned dart.
The poisoned dart closely misses Blork the orc.
Blork the orc screams, "Die!"
Throw: large rock
Press: ? - help, Q - select action, (/) - cycle Shift-Dir - straight line, f/p - Blork the orc
Aim: Blork the orc, wielding a +0 trident, wearing a +0 robe and carrying a wand of digging (5) (fast, 60% to hit)
You throw a large rock. The large rock hits Blork the orc.
Blork the orc is lightly wounded.
Blork the orc hits you from afar with a +0 trident.
Okay, then.
Blork the orc hits you with a +0 trident.
Things that are here:
a +0 short sword; 3 stones You barely miss Blork the orc.
Blork the orc is lightly wounded.
Blork the orc barely misses you.
You claw Blork the orc!
Blork the orc is heavily wounded.
Blork the orc hits you with a +0 trident.
Blork the orc points at you and mumbles some strange words.
The puff of frost hits you.
You scratch Blork the orc.
Blork the orc is heavily wounded.
Blork the orc hits you with a +0 trident!
You claw Blork the orc!
Blork the orc is almost dead.
Blork the orc hits you with a +0 trident.
You barely miss Blork the orc.
Blork the orc is almost dead.
Blork the orc hits you with a +0 trident!
* * * LOW HITPOINT WARNING * * *
Blork the orc hits you with a +0 trident!
You die...

#............#
#.##########.# #.#######
#.# #.......# #.# #
#..####.####.#########.#
....................)...
...####.####.####.......
#.## #.####.####..(....
#.# #.........@o.# #.#
######.####.## #.# #.#
## #.. ..# ### ####


You could see Blork the orc (fast).

Vanquished Creatures
  4 gnolls (D:3)
  3 adders (D:2)
  A worm (D:2)
  6 orcs (D:3)
  4 ball pythons
  5 endoplasms
  6 giant cockroaches
  3 goblins
  5 hobgoblins
  7 kobolds
  A quokka (D:1)
  2 bats (D:1)
  3 frilled lizards
  7 rats
57 creatures vanquished.

Notes
Turn   | Place    | Note
-------+----------+-------------------------------------------
     0 | D:1      | capslocke the Troll Gladiator began the quest for the Orb.
     0 | D:1      | Reached XP level 1. HP: 19/19 MP: 0/0
   277 | D:1      | Reached XP level 2. HP: 27/27 MP: 1/1
   882 | D:2      | Reached XP level 3. HP: 30/35 MP: 2/2
  1350 | D:2      | Reached skill level 4 in Unarmed Combat
  1418 | D:2      | Reached XP level 4. HP: 32/42 MP: 3/3
  2265 | D:4      | Noticed Blork the orc
  2275 | D:4      | Slain by Blork the orc

Illustrated notes

Levels and vault maps discovered:
D:1:      elethiomel_arrival_infinity_welcomes_careful_drivers, layout_rooms,
          bh_walls_and_bars
D:2:      layout_basic, grunt_ministairs_15, minmay_misc_feat_square,
          grunt_decor_resistance
D:3:      layout_basic, dk_noncrumbling_2
D:4:      layout_loops_ring, lemuel_crystal_altar, ebering_ghost_sewer_d,
          hex_medium, minmay_misc_feat_room, dk_rats_in_the_wall,
          uniq_blork_the_orc, uniq_edmund

Skill      XL: |  1  2  3 |
---------------+----------+-----
Throwing       | 2 |  2.0
Dodging        | 3 |  3.3
Unarmed Combat | 4 |  4.6
Fighting       | |  1.8

Action                   |  1- 3 |  4- 6 || total
-------------------------+-------+-------++-------
Melee: Unarmed           |   106 |    39 ||   145
       Punch             |     3 |       ||     3
Throw: Large rock        |     1 |     2 ||     3
       Dart              |       |     2 ||     2
Armor: Robe              |    41 |     4 ||    45
Dodge: Dodged            |    40 |    14 ||    54

Table legend: (Time is in decaauts)
 A = Elapsed time spent in this place.
 B = Non-inter-level travel time spent in this place.
 C = Inter-level travel time spent in this place.
 D = Time resting spent in this place.
 E = Time spent auto-exploring this place.
 F = Levels seen in this place.
 G = Mean time per level.
                   A        B        C        D        E       F      G
               +--------+--------+--------+--------+--------+-----+--------+
         Total |   2266 |   2159 |    107 |     22 |   1752 |   4 |  566.5 |
       Dungeon |   2266 |   2159 |    107 |     22 |   1752 |   4 |  566.5 |
               +--------+--------+--------+--------+--------+-----+--------+

Top non-repeatable levels by time:
     D:2: 845 daAuts
     D:1: 709 daAuts
     D:3: 655 daAuts
     D:4: 56 daAuts
